 Dungeon Crawl Stone Soup version 0.24-a0-515-gbe7f5e2e8d (webtiles) character file.

Game seed: 2010139395289770825

7578 Greboboi the Grappler (level 10, -1/94 HPs)
             Began as a Troll Berserker on July 21, 2019.
             Was an Elder of Trog.
             Slain by a soldier ant (6 damage)
             ... on level 8 of the Dungeon.
             The game lasted 00:15:24 (5202 turns).

Greboboi the Grappler (Troll Berserker)             Turns: 5202, Time: 00:15:25

Health: -1/94      AC:  9    Str: 30    XL:     10   Next: 97%
Magic:  9/9        EV: 13    Int:  3    God:    Trog [****..]
Gold:   478        SH:  0    Dex:  9    Spells: 9/9 levels left

rFire    x . .     SeeInvis .     - Unarmed
rCold    + + .     Gourm    +   (no shield)
rNeg     . . .     Faith    .   K - +2 robe {rC+}
rPois    .         Spirit   .   (helmet restricted)
rElec    .         Reflect  .   B - +0 cloak
rCorr    .         Harm     +   (gloves unavailable)
MR       ++...                  (boots unavailable)
Stlth    +.........             q - amulet of harm
HPRegen  1.65/turn              d - ring of ice
MPRegen  0.11/turn              w - +4 ring of slaying

@: lethally poisoned (-1 -> -1), berserk cooldown, regenerating
A: large, unfitting armour, claws 3, fast metabolism 3, gourmand, regeneration
1, shaggy fur 1, tough skin 3
a: Berserk, Trog's Hand, Brothers in Arms, Renounce Religion


You were on level 8 of the Dungeon.
You worshipped Trog.
Trog was greatly pleased with you.
You were full.

You visited 1 branch of the dungeon, and saw 9 of its levels.

You collected 478 gold pieces.

Inventory:

Armour
 B - a +0 cloak (worn)
 K - a +2 robe of cold resistance (worn)
Jewellery
 d - a ring of ice (left claw)
 q - an amulet of harm (around neck)
 w - a +4 ring of slaying (right claw)
 I - a +3 ring of dexterity {unknown}
Wands
 x - a wand of enslavement (17)
 y - a wand of acid (6)
 F - a wand of flame (14)
 J - a wand of random effects (29)
Scrolls
 a - 2 scrolls of identify
 e - 5 scrolls of magic mapping {unknown}
 g - 6 scrolls of remove curse
 h - 2 scrolls of enchant armour {unknown}
 i - 2 scrolls of amnesia {unknown}
 k - a scroll of enchant weapon {unknown}
 l - 4 scrolls of teleportation {unknown}
 n - 3 scrolls of fog {unknown}
 r - 3 scrolls of fear {unknown}
 t - 2 scrolls of immolation {unknown}
 E - a scroll of random uselessness {unknown}
Potions
 c - 2 potions of brilliance {unknown}
 f - a potion of agility
 j - a potion of might {unknown}
 m - 2 potions of berserk rage
 o - a potion of mutation {unknown}
 p - a potion of cancellation {unknown}
 s - a potion of flight {unknown}
 u - 2 potions of curing {unknown}
 v - a potion of haste
 z - 2 potions of magic
 A - 3 potions of heal wounds
 C - a potion of ambrosia {unknown}
 D - 3 potions of lignification {unknown}
 G - a potion of degeneration {unknown}
 H - 2 potions of invisibility {unknown}
Comestibles
 b - 23 rations
 L - 10 chunks of flesh


   Skills:
 + Level 4.5 Fighting
 * Level 8.9 Dodging
 + Level 12.8 Unarmed Combat


You had 9 spell levels left.
You didn't know any spells.
Your spell library was empty.

Dungeon Overview and Level Annotations

Branches:
Dungeon (9/15)             Temple (0/1) D:5
   Lair: D:8-11         Orc: D:9-12

Altars:
Cheibriados
Elyvilon
Gozag
Kikubaaqudgha
Nemelex Xobeh
Okawaru
Qazlal
Trog
Vehumet
Xom
Zin
The Shining One

Shops:
D:4 :


Innate Abilities, Weirdness & Mutations

You are too large for most types of armour.
You have claws for hands.
Your metabolism is lightning-fast.
You like to eat raw meat.
Your natural rate of healing is unusually fast.
You are covered in fur. (AC +1)
You have extremely tough skin. (AC +3)


Message History

The soldier ant stings you but does no damage.
Found a stone staircase leading up.
You feel very sick.
Okay, then.
You feel very sick.
The soldier ant stings you but does no damage.
You feel very sick.
You feel sick.
The soldier ant stings you but does no damage.
The soldier ant completely misses you.
You feel yourself speed up.
You feel sick.
You feel sick.
There is a stone staircase leading up here.
You can't go down here!
You feel sick.
You climb upwards.
You feel sick.
There is a stone staircase leading down here.
You feel sick. The soldier ant closely misses you. The soldier ant stings you.
You die...

.........†#..........##
#........##......#.###
##..#...........####
....#...........##### ###
......##.#.......#..###.#
.##...###.....#......#..##
..#....###....#..###.#...#
........##....##.........#
...##.......####@.#.....##
.###......### ##aa#....[#
..##......## ##.......###
..##..#....###.......##
.....##......#......##
.....###............#
..........#.##......#
........###..##....##
.........#.)####....####


You could see 2 soldier ants.

Vanquished Creatures
  A two-headed ogre (D:8)
  A queen ant (D:9)
  Grinder (D:3)
  A hippogriff (D:8)
  A wyvern (D:8)
  4 hogs (D:7)
  A human (D:7)
  A hungry ghost (D:8)
  15 soldier ants (D:9)
  2 water moccasins
  Duvessa (D:7)
  2 ice beasts
  2 orc warriors
  3 phantoms
  4 ogres
  3 centaurs
  4 bullfrogs
  3 scorpions
  A wyvern skeleton (D:6)
  Dowan (D:7)
  A howler monkey (D:9)
  3 crimson imps
  A centaur zombie (D:5)
  A hound (D:6)
  4 jellies
  3 orc priests
  4 iguanas
  Crazy Yiuf (D:6)
  Jessica (D:3)
  Natasha (thrice) (D:3)
  2 orc wizards
  17 worker ants
  A hound skeleton (D:8)
  7 gnolls
  8 adders
  2 shadow imps
  2 oozes
  An adder skeleton (D:5)
  3 worms
  A dart slug (D:1)
  2 leopard geckos
  31 orcs
  7 bats
  3 giant cockroaches
  4 goblins
  7 hobgoblins
  17 jackals
  6 quokkas
  A ball python (D:3)
  4 frilled lizards
  7 kobolds
  6 rats
213 creatures vanquished.

Notes
Turn   | Place    | Note
-------+----------+-------------------------------------------
     0 | D:1      | Greboboi the Troll Berserker began the quest for the Orb.
     0 | D:1      | Reached XP level 1. HP: 22/22 MP: 0/0
   140 | D:1      | Reached XP level 2. HP: 29/29 MP: 1/1
   764 | D:2      | Reached XP level 3. HP: 27/36 MP: 2/2
   843 | D:2      | Reached XP level 4. HP: 12/44 MP: 3/3
   882 | D:2      | Reached ** piety under Trog
  1253 | D:3      | Noticed Natasha
  1264 | D:3      | Killed Natasha
  1264 | D:3      | Reached skill level 4 in Unarmed Combat
  1265 | D:3      | Reached XP level 5. HP: 22/53 MP: 4/4
  1292 | D:3      | Noticed Natasha
  1428 | D:3      | Noticed Grinder
  1437 | D:3      | Killed Grinder
  1437 | D:3      | Reached skill level 5 in Unarmed Combat
  1437 | D:3      | Reached XP level 6. HP: 31/61 MP: 5/5
  1455 | D:3      | Killed Natasha
  1464 | D:3      | Noticed Natasha
  1471 | D:3      | Killed Natasha
  1609 | D:3      | Noticed Jessica
  1615 | D:3      | Killed Jessica
  1615 | D:3      | Reached XP level 7. HP: 67/67 MP: 6/6
  1772 | D:4      | Reached skill level 6 in Unarmed Combat
  1931 | D:4      | Reached skill level 5 in Dodging
  2053 | D:4      | Reached *** piety under Trog
  2153 | D:4      | Found Veamp's Book Boutique.
  2401 | D:5      | Entered Level 5 of the Dungeon
  2439 | D:5      | Found a staircase to the Ecumenical Temple.
  2467 | D:5      | Reached skill level 7 in Unarmed Combat
  2467 | D:5      | Reached XP level 8. HP: 72/78 MP: 7/7
  2705 | D:5      | Found a sparkling altar of Nemelex Xobeh.
  2756 | D:5      | Found a shimmering altar of Xom.
  2759 | D:5      | Found a glowing silver altar of Zin.
  2759 | D:5      | Found a bloodstained altar of Trog.
  2760 | D:5      | Found an opulent altar of Gozag.
  2761 | D:5      | Found a glowing golden altar of the Shining One.
  2762 | D:5      | Found an ancient bone altar of Kikubaaqudgha.
  2933 | D:5      | Found a stormy altar of Qazlal.
  2987 | D:5      | Found an iron altar of Okawaru.
  3297 | D:6      | Reached skill level 8 in Unarmed Combat
  3322 | D:6      | Found a snail-covered altar of Cheibriados.
  3422 | D:6      | Found a white marble altar of Elyvilon.
  3587 | D:6      | Found a radiant altar of Vehumet.
  3652 | D:6      | Reached skill level 9 in Unarmed Combat
  3699 | D:6      | Found a runed translucent door.
  3700 | D:6      | Noticed Crazy Yiuf
  3845 | D:6      | Killed Crazy Yiuf
  3845 | D:6      | Reached XP level 9. HP: 84/84 MP: 8/8
  4008 | D:7      | Reached **** piety under Trog
  4133 | D:7      | Reached skill level 10 in Unarmed Combat
  4260 | D:7      | Noticed Dowan
  4261 | D:7      | Noticed Duvessa
  4268 | D:7      | Killed Dowan
  4272 | D:7      | Killed Duvessa
  4575 | D:8      | Noticed a two-headed ogre
  4583 | D:8      | Killed a two-headed ogre
  4583 | D:8      | Reached skill level 11 in Unarmed Combat
  4583 | D:8      | Reached XP level 10. HP: 69/94 MP: 9/9
  5108 | D:9      | Reached skill level 12 in Unarmed Combat
  5135 | D:9      | Noticed a queen ant
  5153 | D:9      | Killed a queen ant
  5193 | D:9      | HP: 4/94 [poisoned by a soldier ant]
  5198 | D:9      | HP: 3/94 [poisoned by a soldier ant]
  5202 | D:8      | Slain by a soldier ant

Levels and vault maps discovered:
D:1:      sevenhm_arrival_forest_fort_small_5, layout_basic
D:2:      layout_rooms, first_ration, corexii_shack
D:3:      layout_rooms, serial_glass, glass_columns_a, glass_columns_a,
          kennysheep_crisscross, minmay_bisected, uniq_jessica, uniq_natasha,
          uniq_grinder
D:4:      layout_loops_ring, serial_shops, nicolae_shop_waterfront, st_stairs_2,
          minmay_fountain_box, chequers_serial_rivers_micro_a,
          minmay_misc_feat_five
D:5:      layout_loops_corners, lemuel_round_altar, okawaru_trees_2,
          grunt_temple_overflow_open, minmay_temple_entry_hall,
          nemelex_xobeh_ov_fountains_minmay
D:6:      layout_cave_pools, kennysheep_mini_moat, vehumet_altar_wand_db,
          cheibriados_altar_1, minivault_1, uniq_crazy_yiuf_cottage
D:7:      layout_rooms, grunt_livestock, uniq_duvessa
D:8:      kennysheep_six_static_rooms, layout_cave_pools
D:9:      layout_big_octagon, nicolae_overflow_crystal_walls, dpeg_oklobed_lair,
          orc_0_dummy, serial_bayou_lagoon_a, nrook_mini_vaults, minivault_29

Skill      XL: |  1  2  3  4  5  6  7  8  9 10 |
---------------+-------------------------------+-----
Dodging        | 3 4 5 6 7 8 |  8.9
Fighting       | 3 4 |  4.5
Unarmed Combat | 4 5 7 9 11 12 | 12.8

Action                   |  1- 3 |  4- 6 |  7- 9 | 10-12 || total
-------------------------+-------+-------+-------+-------++-------
Melee: Unarmed           |    58 |   109 |   191 |   103 ||   461
       Punch             |     2 |     2 |     6 |     6 ||    16
Invok: Berserk           |     1 |     4 |     8 |     2 ||    15
       Trog's Hand       |       |     3 |     4 |     3 ||    10
  Use: Scroll            |       |     1 |     4 |       ||     5
 Stab: Sleeping          |     1 |       |       |       ||     1
  Eat: Chunk             |    11 |    14 |    37 |     9 ||    71
Armor: Animal skin       |    16 |    48 |    35 |       ||    99
       Robe              |       |       |     6 |    19 ||    25
Dodge: Dodged            |    24 |    78 |    76 |    48 ||   226

Table legend:
 A = Non-vault XP
 B = Vault XP
 C = Vault XP percentage of total XP
 D = Non-vault monster count
 E = Vault monster count
 F = Vault count percentage of total count
                 A         B        C        D         E       F
            +---------+---------+-------+---------+---------+-------
      Total |    5101 |    5725 |  52.9 |     160 |      53 |  24.9
            +---------+---------+-------+---------+---------+-------
        D:1 |      24 |       0 |   0.0 |      14 |       0 |   0.0
        D:2 |      90 |       2 |   2.2 |      16 |       1 |   5.9
        D:3 |     258 |     375 |  59.2 |      37 |       8 |  17.8
        D:4 |     382 |      70 |  15.5 |      22 |       2 |   8.3
        D:5 |     765 |       0 |   0.0 |      14 |       0 |   0.0
        D:6 |     812 |      40 |   4.7 |      22 |       2 |   8.3
        D:7 |     599 |    1179 |  66.3 |      14 |       7 |  33.3
        D:8 |    2099 |     494 |  19.1 |      18 |       6 |  25.0
        D:9 |      72 |    3565 |  98.0 |       3 |      27 |  90.0
            +---------+---------+-------+---------+---------+-------
